 Dungeon Crawl Stone Soup version 0.25.0-26-g0c896c7088 (webtiles) character file.

Game seed: 6772235026028207618

63 protoss039 the Vexing (level 3, -2/26 HPs)
             Began as a Vampire Enchanter on July 4, 2020.
             Slain by a worm (12 damage)
             ... on level 2 of the Dungeon.
             The game lasted 00:05:01 (1165 turns).

protoss039 the Vexing (Vampire Enchanter)           Turns: 1165, Time: 00:05:01

Health: -2/26      AC:  2    Str:  7    XL:     3   Next: 89%
Magic:  0/6        EV: 13    Int: 17    God:
Gold:   59         SH:  0    Dex: 15    Spells: 1/7 levels left

rFire    . . .     SeeInvis +   a - +1 dagger
rCold    . . .     Gourm    .   (no shield)
rNeg     + . .     Faith    .   f - +0 robe {rN+}
rPois    .         Spirit   .   (no helmet)
rElec    .         Reflect  .   (no cloak)
rCorr    .         Harm     .   (no gloves)
MR       .....                  (no boots)
Stlth    +++.......             (no amulet)
HPRegen  0.28/turn              (no ring)
MPRegen  0.10/turn              (no ring)

@: regenerating quickly
A: no food, fangs 3, see invisible, unbreathing
a: Exsanguinate


You were on level 2 of the Dungeon.
You were alive.

You visited 1 branch of the dungeon, and saw 2 of its levels.

You collected 59 gold pieces.

Inventory:

Hand Weapons
 a - a +1 dagger (weapon)
Armour
 f - a +0 robe of positive energy (worn)
Jewellery
 b - an uncursed amulet of faith {unknown}
Scrolls
 d - 2 scrolls of teleportation {unknown}
 h - a scroll of magic mapping {unknown}
Potions
 c - a potion of haste {unknown}
 e - a potion of curing {unknown}
 g - a potion of heal wounds {unknown}
 i - a potion of degeneration {unknown}


   Skills:
 + Level 1.0 Fighting
 + Level 1.3 Short Blades
 + Level 2.6 Dodging
 + Level 5.0 Stealth
 + Level 2.5 Spellcasting
 + Level 5.1 Hexes
 - Level 0.1 Ice Magic


You had one spell level left.
You knew the following spells:

 Your Spells              Type           Power        Failure   Level  Hunger
a - Corona                Hex            ###....      2%          1    N/A
b - Confusing Touch       Hex            ###.....     7%          3    N/A
c - Ensorcelled Hibernat  Hex/Ice        ##....       10%         2    N/A

Your spell library contained the following spells:

 Spells                   Type           Power        Failure   Level  Hunger
 Tukima's Dance           Hex            ###.....     7%          3    N/A
 Dazzling Flash           Conj/Hex       ##....       19%         3    N/A

Dungeon Overview and Level Annotations

Branches:
Dungeon (2/15)

Altars:


Innate Abilities, Weirdness & Mutations

You do not eat.
Your natural rate of healing is unusually fast.
You have razor-sharp teeth.
You have supernaturally acute eyesight. (SInv)
You can survive without breathing.


Message History

The worm is outlined in light.
The worm barely misses you.
You hit the worm.
The worm is moderately wounded.
You hit the worm but do no damage. You bite the worm.
The worm is moderately wounded.
The worm bites you.
You hit the worm.
The worm is heavily wounded.
You hit the worm. You bite the worm.
The worm is severely wounded.
The worm bites you!
You hit the worm. You bite the worm, but do no damage.
The worm is severely wounded.
You hit the worm but do no damage.
The worm is severely wounded.
You hit the worm. You bite the worm.
The worm is almost dead.
The worm bites you!
You die...

.# .# .#
####### .#
##.....##.#
####...@w....#
#....#####...#
#...##.^.##..#
#...#.....#†.#
#..['.....#..#
#.†.#.....#..#
#...##...##...
#.#..#####..###
#...(.....(.#


You could see a worm (corona).

Vanquished Creatures
  Jessica (D:2)
  A dart slug (D:1)
  2 leopard geckos (D:1)
  A ball python (D:1)
  5 bats
  4 hobgoblins
  4 jackals (D:1)
  2 kobolds (D:1)
  A quokka (D:1)
  3 frilled lizards (D:1)
  2 goblins
  7 rats
33 creatures vanquished.

Notes
Turn   | Place    | Note
-------+----------+-------------------------------------------
     0 | D:1      | protoss039 the Vampire Enchanter began the quest for the
                  | Orb.
     0 | D:1      | Reached XP level 1. HP: 13/13 MP: 3/3
   173 | D:1      | Reached XP level 2. HP: 19/19 MP: 0/5
   546 | D:1      | Reached XP level 3. HP: 23/25 MP: 2/6
   987 | D:2      | Learned a level 3 spell: Confusing Touch
   990 | D:2      | Learned a level 2 spell: Ensorcelled Hibernation
   991 | D:2      | Noticed Jessica
  1011 | D:2      | Killed Jessica
  1011 | D:2      | Reached skill level 5 in Stealth
  1011 | D:2      | Reached skill level 5 in Hexes
  1025 | D:1      | Reached skill level 1 in Fighting
  1165 | D:2      | Slain by a worm

Illustrated notes

Levels and vault maps discovered:
D:1:      ebering_hopf_link, layout_basic
D:2:      layout_loops_ring, kennysheep_jessica_study, uniq_crazy_yiuf_cottage

Skill      XL: |  1  2  3 |
---------------+----------+-----
Stealth        | 5 |  5.0
Hexes          | 5 |  5.1
Fighting       | 1 |  1.0
Short Blades   | |  1.3
Dodging        | |  2.6
Spellcasting   | |  2.5
Ice Magic      | |  0.1

Action                   || total
-------------------------++-------
Melee: Dagger            ||   146
       Bite              ||    17
 Cast: Corona            ||    40
       Ensorcelled Hiber ||     3
 Stab: Sleeping          ||     2
Armor: Robe              ||    30
Dodge: Dodged            ||   126
